[Event "*** SCC Grand Prix: Titled Tuesday Blitz"]
[Site "Chess.com"]
[Date "2020.08.25"]
[Round "7"]
[White "AlexSuv"]
[Black "Misticpikachu"]
[Result "1-0"]
[WhiteElo "2487"]
[BlackElo "2323"]
[TimeControl "180+1"]
[EndTime "11:21:27 PDT"]
[Termination "AlexSuv won by resignation"]

1. d4 e6 2. c4 Nf6 3. Nc3 d5 4.
cxd5 exd5 5. Bg5 c6 6. e3 Be7 7.
Bd3 O-O 8. Qc2 Nbd7 9. Nf3 Re8 10. O-O Ne4 11. Bf4 Ndf6 12. Bxe4 Nxe4 13. Nxe4 dxe4 14. Qxe4 Bd6 15. Qc2 Bxf4 16. exf4 Qf6 17. Qd2 Re4 18. Rfe1 Bf5 19. Rxe4 Bxe4 20. Ne5 Rd8 21. Qe3 Bf5 22. Rd1 Qd6 23. Qb3 Qc7 24. h3 Be6 25. Qa3 a6 26. Qa4 Qb6 27. b3 c5 28. d5 Bf5 29. d6 h6 30. Qc4 Be6 31. Qd3 f6 32. f5 Bf7 33.
Nxf7 Kxf7 34. Qd5+ Kf8 35. d7 Qc7 36. Qe6 b5 37. Qxa6 Rxd7 38. Re1 Re7 39. Rxe7 Qxe7 40. Qxb5 Qe1+ 41. Kh2 Qe5+ 42. g3 Qe1 43. Qxc5+ Kg8 44. a4 Qd1 45. b4 Qxa4 46. b5 Qa5 47. h4 Kh7 48. Kg2 h5 49. Qc6 Qd2 50. b6 Qd8 51.
Qc7 Qd5+ 52. Kh2 Qxf5 53. Kg1 Qb1+ 54. Kh2 Qf5 55. Kg2 Qe4+ 56. Kf1 Qb1+ 57. Ke2 Qe4+ 58. Kd2 Qd5+ 59. Kc2 Qe4+ 60. Kb3 Qf3+ 61. Ka4 Qe4+ 62. Ka5 Qe1+ 63. Ka6 Qa1+ 64. Kb7 Qh1+ 65. Kb8 Qd5 66. b7 Kg6 67. Kc8 Qg8+ 68. Qd8 Qe6+ 69. Kc7 Qc4+ 70.
Kd7 Qd5+ 71. Kc8 Qc6+ 72. Kb8 Qb6 73. Qxb6 1-0

[Event "*** SCC Grand Prix: Titled Tuesday Blitz"]
[Site "Chess.com"]
[Date "2020.08.25"]
[Round "7"]
[White "Sacbutt"]
[Black "ShahMatKanal"]
[Result "1-0"]
[WhiteElo "2201"]
[BlackElo "2444"]
[TimeControl "180+1"]
[EndTime "11:21:27 PDT"]
[Termination "Sacbutt won by checkmate"]

1. e4 c5 2. Nf3 Nc6 3. d4 cxd4 4. c3 d5 5. exd5 Qxd5 6. cxd4 e6 7. Nc3 Bb4 8. Be2 Nf6 9. O-O Qd8 10. Bg5 Be7 11. Qd2 O-O 12. Rfd1 Nb4 13. Ne5 Nbd5 14. h3 h6 15.
Nxd5 exd5 16. Bh4 Be6 17. Rac1 Rc8 18. Bd3 Qb6 19. Bxf6 Bxf6 20. b3 Kh8 21. Qe3 Kg8 22.
Bb1 Bxe5 23. Qxe5 Qd8 24. Qe3 Qg5 25. Qxg5 hxg5 26. Rc5 b6 27. Rcc1 f6 28. Bd3 Kf7 29. Ba6 Rxc1 30. Rxc1 Re8 31. Kf1 Re7 32. f3 Ke8 33.
Kf2 Kd8 34. Bb5 Rc7 35. Rxc7 Kxc7 36. Ke3 Kd6 37. a3 Bf5 38. Bd3 Bd7 39. f4 gxf4+ 40.
Kxf4 g5+ 41. Kg3 a5 42. h4 gxh4+ 43. Kxh4 Ke7 44. Kg3 Kd6 45. Kf4 Bc8 46. g4 Bd7 47. Bf5 Be8 48. Bc8 Bg6 49. b4 axb4 50. axb4 Bd3 51.
Bf5 Bb5 52. Bg6 Bd7 53. Bf7 Kc6 54. Bg8 Kd6 55. Bf7 Bc8 56. Be8 Be6 57. Bb5 Kc7 58.
Bd3 Kc6 59. Bf5 Bf7 60. Bc8 Kb5 61. Kf5 Kxb4 62. Ba6 Kc3 63. Kxf6 Be8 64. Ke5 Bd7 65. g5 b5 66. g6 Be8 67. g7 Bf7 68. Bxb5 Kb4 69.
Bc6 Kc4 70. Bd7 Kd3 71. Be6 Bxe6 72. Kxe6 Kxd4 73. g8=Q Kc4 74. Qg1 d4 75. Qd1 d3 76.
Kf5 Kc3 77. Kf4 d2 78. Ke3 Kb2 79. Qxd2+ Ka1 80. Kd3 Kb1 81. Kc3 Ka1 82. Qb2# 1-0

[Event "*** SCC Grand Prix: Titled Tuesday Blitz"]
[Site "Chess.com"]
[Date "2020.08.25"]
[Round "7"]
[White "lucachess49"]
[Black "alfiefischer77"]
[Result "1/2-1/2"]
[WhiteElo "2473"]
[BlackElo "2306"]
[TimeControl "180+1"]
[EndTime "11:21:29 PDT"]
[Termination "Game drawn - insufficient material"]

1. d4 Nf6 2. c4 e6 3. Nc3 Bb4 4.
e3 c5 5. Ne2 b6 6. a3 Ba5 7.
Bd2 Bb7 8. b4 cxb4 9. Nb5 Qe7 10.
Nc7+ Kd8 11. Nxa8 Bxa8 12. Qb3 Nc6 13. axb4 Nxb4 14. Nc1 e5 15. Na2 Nc6 16. Bxa5 Nxa5 17. Qb4 exd4 18. Qxe7+ Kxe7 19. exd4 Re8 20. O-O-O Kd6 21.
f3 Re3 22. Bd3 Nb3+ 23. Kc2 Nxd4+ 24. Kd2 Re8 25. Kc3 Kc5 26. Nb4 Bb7 27. Rhe1 a5 28. Nc2 Nxc2 29. Rxe8 Nxe8 30. Bxc2 Nf6 31. Re1 Kd6 32.
Rd1+ Ke7 33. Rb1 Bc6 34. Rxb6 Nh5 35. Be4 Ba4 36. g3 Nf6 37. Bc2 Bc6 38. Bd1 Kd6 39. Ra6 Kc5 40. Rxa5+ Kb6 41. Rg5 g6 42. Re5 Ng8 43.
Re7 Nxe7 44. Kd4 Nc8 45. Ke5 Ne7 46. Kf6 Nc8 47. Kxf7 Kc5 48. Be2 Bb7 49. Kg7 Nd6 50.
Kxh7 Nxc4 51. Kxg6 d5 52. h4 d4 53. h5 Ne5+ 54. Kf5 Nxf3 55. h6 Bd5 56. h7 Be4+ 57. Kxe4 Ng5+ 58. Kf5 Nxh7 59. Bd3 Nf8 60. g4 Kb4 61. g5 Kc3 62. Be4 d3 63. Bf3 d2 64.
Kf6 Kc2 65. Kf7 Nd7 66. Ke6 Nf8+ 67. Kf5 d1=Q 68. Bxd1+ Kxd1 69. Kf6 Nd7+ 70. Kf7 Ke2 71. Ke6 Nf8+ 72. Kf7 Nd7 73. Kg7 Kf3 74. g6 Ne5 75. Kf6 Nxg6 1/2-1/2

[Event "*** SCC Grand Prix: Titled Tuesday Blitz"]
[Site "Chess.com"]
[Date "2020.08.25"]
[Round "7"]
[White "1977Ivan"]
[Black "Dinamo3"]
[Result "1-0"]
[WhiteElo "2694"]
[BlackElo "2484"]
[TimeControl "180+1"]
[EndTime "11:21:30 PDT"]
[Termination "1977Ivan won on time"]

1. c4 f5 2. Nc3 Nf6 3. d4 d6 4. Bg5 e6 5. e4 fxe4 6. Nxe4 Be7 7.
Bxf6 Bxf6 8. Qh5+ g6 9. Qh6 Nc6 10. Nf3 Qe7 11. O-O-O Bg7 12. Qe3 Bd7 13. h4 e5 14.
dxe5 Nxe5 15. c5 d5 16. Rxd5 Bc6 17. Rxe5 Bxe5 18. Nxe5 Bxe4 19. Qxe4 Qxc5+ 20. Bc4 O-O-O 21. Kb1 Rhe8 22. Qg4+ Kb8 23. Nd7+ Rxd7 24. Qxd7 Rf8 25. Bb3 a6 26. Rc1 Qb6 27. f3 h5 28. Qe7 Rf4 29.
Qc5 Qxc5 30. Rxc5 Rxh4 31. Rg5 Rh1+ 32. Kc2 h4 33. Rxg6 Rg1 34. Rg4 Rh1 35. Kc3 b5 36. Bd5 Ka7 37. Be4 Kb6 38. b4 Rc1+ 39. Kd2 Rh1 40.
Rg6+ Ka7 41. Kc3 h3 42. gxh3 Rxh3 43. Kd4 Rh2 44. Rg7 Rxa2 45. Rxc7+ Kb8 46. Rb7+ Kc8 47. Kc5 Ra3 48. Kb6 Rb3 49. Rc7+ Kd8 50. Ra7 Rxb4 51. Rxa6 Rb2 52. Ra5 b4 53. Rb5 Ke7 54. Kc5 b3 55.
Kc4 Kd6 56. Rxb3 Rh2 57. Kd4 Ke6 58. Rd3 Ra2 59. Ke3 Ra4 60. f4 Kf6 61. Rd6+ Ke7 62. Rh6 Ra3+ 63. Bd3 Ra5 64. f5 Kf7 65. Kf4 Kg7 66.
Rg6+ Kf7 67. Be4 Ra7 68. Re6 Kf8 69. Bd5 Kg7 70. Ke5 Ra1 71. f6+ Kh8 72. Re7 Re1+ 73.
Kd6 Rf1 74. f7 Kg7 75. Re8 Rf6+ 76. Ke7 1-0

[Event "*** SCC Grand Prix: Titled Tuesday Blitz"]
[Site "Chess.com"]
[Date "2020.08.25"]
[Round "7"]
[White "Rhinos1"]
[Black "RobPeresian"]
[Result "0-1"]
[WhiteElo "2227"]
[BlackElo "2382"]
[TimeControl "180+1"]
[EndTime "11:21:31 PDT"]
[Termination "RobPeresian won by checkmate"]

1. e4 e5 2. Nf3 Nc6 3. Bc4 Bc5 4.
b4 Bxb4 5. c3 Bd6 6. d4 Qe7 7. O-O Nf6 8. d5 Na5 9. Bd3 h6 10. Re1 b6 11. a4 g5 12. Ba3 Bxa3 13.
Nxa3 d6 14. Nc4 Nxc4 15. Bxc4 a6 16. Bd3 Rg8 17. c4 a5 18. Qd2 Nd7 19. Qe3 Nc5 20. Bc2 g4 21. Nd2 Qg5 22. Nb3 Qxe3 23. Rxe3 Nxb3 24.
Bxb3 f5 25. exf5 Bxf5 26. Rae1 Kf7 27. f4 e4 28. Bc2 Rae8 29. Bxe4 Bd7 30. Bc2 Rxe3 31.
Rxe3 Re8 32. Kf2 Rxe3 33. Kxe3 Kf6 34. g3 h5 35. Kd4 Be8 36. Bd1 Bd7 37. Bc2 Be8 38.
Bd1 Bg6 39. Ke3 Bb1 40. Kd4 Kf5 41. Be2 Bc2 42. Bd3+ Bxd3 43. Kxd3 Kf6 44. Ke4 Kg6 45. Ke3 Kf5 46. Kd4 Kf6 47. Ke3 Kf5 48. Kd4 Kf6 49.
Kd3 Kf5 50. Ke3 Kf6 51. Ke4 Kg6 52. Kd3 Kf5 53. Ke3 Kf6 54. Kf2 Kf5 55. Kg2 Ke4 56. h3 Kd4 57. hxg4 hxg4 58. f5 Ke5 59. Kf2 Kxf5 60.
Ke3 Ke5 61. Kd3 b5 62. axb5 a4 63. Kc3 Ke4 64. Kb4 Kd4 65. Kxa4 Kxc4 66. Ka5 Kxd5 67.
b6 cxb6+ 68. Kxb6 Ke4 69. Kb5 Kf3 70. Kc6 Kxg3 71. Kxd6 Kf2 72. Ke5 g3 73. Kf4 g2 74.
Ke4 g1=Q 75. Kd3 Qg5 76. Kc2 Qd5 77. Kc3 Ke3 78. Kb4 Qc6 79. Ka3 Qb5 80. Ka2 Qb4 81.
Ka1 Kd2 82. Ka2 Kc2 83. Ka1 Qa3# 0-1

[Event "*** SCC Grand Prix: Titled Tuesday Blitz"]
[Site "Chess.com"]
[Date "2020.08.25"]
[Round "7"]
[White "Fighter008"]
[Black "nrvisakh"]
[Result "1/2-1/2"]
[WhiteElo "2684"]
[BlackElo "2804"]
[TimeControl "180+1"]
[EndTime "11:21:35 PDT"]
[Termination "Game drawn by repetition"]

1. e4 e6 2. d4 d5 3. Bd3 dxe4 4. Bxe4 Nf6 5. Bf3 c5 6. Ne2 Nc6 7. Be3 Nd5 8. Bxd5 Qxd5 9. Nbc3 Qd7 10. dxc5 Be7 11.
O-O O-O 12. Qxd7 Bxd7 13. Rfd1 Rfd8 14. Ne4 e5 15. Nd6 Rab8 16. a3 f5 17. f4 Bf6 18. Nc3 exf4 19. Bxf4 Bd4+ 20. Kh1 Bxc5 21. Nd5 Bxd6 22. Bxd6 Ra8 23. b4 Be8 24. Nc7 Rac8 25. Ne6 Rd7 26. c4 b6 27. c5 Bf7 28. Ng5 bxc5 29.
bxc5 h6 30. Nf3 Re8 31. Re1 Rxe1+ 32. Rxe1 Rb7 33. Kg1 Bd5 34. Rd1 Be4 35. Nd2 Bd5 36. Nf3 Bxf3 37. gxf3 Rb3 38. f4 Kf7 39. Re1 g5 40. a4 a5 41. fxg5 hxg5 42. Rf1 f4 43.
Rd1 Ke6 44. Bc7 Kf5 45. Rd6 Nb4 46. Bxa5 Nd3 47. c6 f3 48. Rxd3 Rxd3 49. c7 Rd1+ 50. Kf2 Rc1 51. Kxf3 Rc4 52. Bb6 Ke6 53. a5 Kd7 54.
Ke3 Ra4 55. Kf3 Kc8 56. Kg3 Kb7 57. Kg2 Rg4+ 58. Kf3 Rc4 59. Kg3 Rc2 60. h3 Rc4 61. Kf3 Kc8 62. a6 Ra4 63. a7 Kb7 64. Kg3 Kc8 65.
Kf3 Kb7 66. Kg3 Kc8 67. Kf3 1/2-1/2

[Event "*** SCC Grand Prix: Titled Tuesday Blitz"]
[Site "Chess.com"]
[Date "2020.08.25"]
[Round "7"]
[White "WPWPWP-2015"]
[Black "Evgeny81"]
[Result "1-0"]
[WhiteElo "2494"]
[BlackElo "2675"]
[TimeControl "180+1"]
[EndTime "11:21:36 PDT"]
[Termination "WPWPWP-2015 won by checkmate"]

1. e4 c5 2. Nf3 Nc6 3. Bb5 e6 4. b3 Nge7 5. Bb2 a6 6. Bxc6 Nxc6 7. O-O d6 8. d4 cxd4 9. Nxd4 Bd7 10. Nd2 Qc7 11. Re1 Rc8 12. c4 Ne5 13. N2f3 Be7 14. Nxe5 dxe5 15. Nf3 f6 16. Qc1 b5 17. Ba3 bxc4 18.
Bxe7 Kxe7 19. Rd1 c3 20. Qa3+ Qc5 21. b4 Qc4 22. Rac1 Bb5 23. Nd2 Qe2 24. Nb3 Rhd8 25. Re1 Qb2 26. Qa5 Rd2 27. Nxd2 cxd2 28. Rc7+ Rxc7 29.
Qxc7+ Kf8 30. Rd1 Qxb4 31. Qd8+ Kf7 32. Qxd2 Qxe4 33. f3 Qc4 34. Rc1 Qd4+ 35. Qxd4 exd4 36. Rc7+ Kg6 37. Kf2 e5 38. Ra7 f5 39. a4 Bc4 40.
Rc7 Bd3 41. Rc6+ Kg5 42. Rc5 Kf6 43. Rc6+ Kf7 44. Rd6 Ke7 45. Rb6 g5 46. g3 h5 47.
f4 gxf4 48. gxf4 e4 49. Rb4 Ke6 50. Rxd4 Bc2 51. Rb4 Kd5 52. Ke3 Bd3 53. Rb8 Kc5 54. Rb7 Kc6 55. Rb8 Kc5 56. a5 Bb5 57. Rb6 Kb4 58. Kd2 Kxa5 59. Rf6 Kb4 60. Rxf5 a5 61. Re5 Bd3 62. f5 a4 63. Re8 a3 64. Rb8+ Bb5 65.
Ra8 Ba4 66. f6 a2 67. f7 a1=Q 68. f8=Q+ Kb3 69. Rb8+ Ka2 70. Qf7+ Ka3 71. Qe7+ Ka2 72. Qe6+ Ka3 73. Qd6+ Ka2 74. Qd5+ Ka3 75. Qc5+ Ka2 76.
Qc4+ Ka3 77. Qb4+ Ka2 78. Qxa4# 1-0

[Event "*** SCC Grand Prix: Titled Tuesday Blitz"]
[Site "Chess.com"]
[Date "2020.08.25"]
[Round "7"]
[White "SzMM19"]
[Black "garicradomir"]
[Result "0-1"]
[WhiteElo "2519"]
[BlackElo "2322"]
[TimeControl "180+1"]
[EndTime "11:21:36 PDT"]
[Termination "garicradomir won by checkmate"]

1. e4 g6 2. c4 Nf6 3. Nc3 c6 4. e5 Nh5 5. d4 d6 6. exd6 exd6 7.
Be2 Nf6 8. Nf3 Bg7 9. O-O O-O 10. Re1 Bg4 11. h3 Bxf3 12. Bxf3 Na6 13. Bf4 Qd7 14. Qb3 Rfe8 15. Kf1 h6 16. Qa3 c5 17. d5 Nb4 18.
Rxe8+ Rxe8 19. Qb3 Qf5 20. Bg3 Nc2 21. Rc1 Nd4 22. Qd1 Bf8 23. a3 h5 24. h4 Bh6 25.
Ra1 Bf4 26. Kg1 Bxg3 27. fxg3 Ng4 28. Bxg4 hxg4 29. Qd2 Qe5 30. Rf1 Qxg3 31. h5 gxh5 32. Qg5+ Kf8 33. Qh6+ Ke7 34. Qg5+ Kd7 35. Qxh5 Qe3+ 36.
Kh1 Qe5 37. Rxf7+ Kd8 38. Qxg4 Qe1+ 39. Kh2 Rh8+ 40. Qh3 Rxh3+ 41. Kxh3 Qe5 42. Rf8+ Ke7 43. Rf1 Qh5+ 44. Kg3 Nf5+ 45. Kf4 Nh4 46. Re1+ Kd7 47. g4 Qg6 48. Rh1 Qf6+ 49. Kg3 Qf3+ 50. Kxh4 Qxh1+ 51. Kg5 Qc1+ 52. Kf5 Qxb2 53. Ne4 Qc2 54. Kf4 Qxc4 55. g5 Qxe4+ 56. Kxe4 b5 57. g6 Ke7 58.
Kf5 c4 59. g7 Kf7 60. g8=Q+ Kxg8 61. Ke6 c3 62. Kxd6 c2 63. Ke7 c1=Q 64. d6 Qxa3 65. Ke6 Qxd6+ 66. Kxd6 b4 67. Kd5 b3 68. Kd4 b2 69.
Ke3 b1=Q 70. Ke2 a6 71. Kf3 a5 72. Kg2 a4 73. Kh3 a3 74. Kh4 a2 75. Kg5 a1=Q 76. Kh6 Qb6+ 77. Kg5 Qaa5+ 78. Kg4 Qbb4+ 79. Kf3 Qaa3+ 80. Kf2 Qbb2+ 81. Kf1 Qaa1# 0-1

[Event "*** SCC Grand Prix: Titled Tuesday Blitz"]
[Site "Chess.com"]
[Date "2020.08.25"]
[Round "7"]
[White "freshfoodcompany"]
[Black "IvanSoriano1"]
[Result "1/2-1/2"]
[WhiteElo "2360"]
[BlackElo "2568"]
[TimeControl "180+1"]
[EndTime "11:21:37 PDT"]
[Termination "Game drawn - insufficient material"]

1. d4 Nf6 2. c4 e6 3. Nc3 Bb4 4. e3 O-O 5. Bd3 b6 6. Ne2 Bb7 7. f3 c5 8. O-O Bxc3 9. bxc3 d6 10. e4 e5 11. Be3 Nbd7 12. Qc2 Re8 13. Rae1 Rc8 14. Ng3 cxd4 15. cxd4 exd4 16. Bxd4 Ne5 17. f4 Nxd3 18. Qxd3 Ba6 19. Rc1 Bb7 20. Rfe1 g6 21. f5 Qe7 22. e5 dxe5 23. Bxe5 Ng4 24. Bc3 Qh4 25. h3 Nf6 26. Rf1 Rcd8 27. Bxf6 Qxf6 28. Qc3 Qc6 29. Rc2 Rd7 30. fxg6 hxg6 31. Rcf2 Rde7 32.
Qc2 Qd6 33. Ne2 Be4 34. Qb2 Bd3 35. Rd1 Qc5 36. Nf4 Be4 37. Nd5 Bxd5 38. Rxd5 Re1+ 39. Kh2 Qc7+ 40. g3 Qxc4 41. Rdd2 Qe4 42. Rg2 Rb1 43.
Qf6 Qe1 44. g4 Qh1+ 45. Kg3 Qe1+ 46. Kh2 Qe5+ 47. Qxe5 Rxe5 48. Rd8+ Kg7 49. Rd7 a5 50. Rf2 Kh6 51. Rdxf7 Rbe1 52. Rf8 R1e2 53. Rxe2 Rxe2+ 54.
Kg3 Rxa2 55. h4 Kg7 56. Rb8 Rb2 57. g5 Rb4 58. Rb7+ Kf8 59. Rb8+ Ke7 60. Rb7+ Ke6 61.
Rg7 Kf5 62. Rf7+ Ke5 63. Rf6 a4 64. Rxg6 a3 65. Rg8 Ra4 66. Re8+ Kd6 67. Re1 a2 68. Ra1 Ke6 69. h5 Kf5 70. g6 Kf6 71. Kf3 b5 72. Ke3 Kg7 73. Kd3 Kh6 74. Kc3 Kxh5 75. Kb3 Kxg6 76. Rxa2 Re4 77. Ra6+ Kf7 78. Rb6 Re5 79.
Kb4 Ke7 80. Rxb5 Rxb5+ 81. Kxb5 1/2-1/2

[Event "*** SCC Grand Prix: Titled Tuesday Blitz"]
[Site "Chess.com"]
[Date "2020.08.25"]
[Round "7"]
[White "Barmen_EV"]
[Black "blitzking1729"]
[Result "0-1"]
[WhiteElo "2461"]
[BlackElo "2672"]
[TimeControl "180+1"]
[EndTime "11:21:38 PDT"]
[Termination "blitzking1729 won on time"]

1. d4 d5 2. c4 Nc6 3. Nc3 Nf6 4. Nf3 Bg4 5. cxd5 Nxd5 6. e4 Nxc3 7. bxc3 e6 8. Bb5 Bd6 9. e5 Be7 10. h3 Bh5 11. O-O O-O 12. Be3 a6 13. Be2 Na5 14. Qa4 c6 15. Rfd1 b5 16. Qc2 Qd5 17. a4 Bg6 18.
Bd3 Bxd3 19. Qxd3 Nb3 20. Rab1 bxa4 21. c4 Qd7 22. Ng5 Bxg5 23. Bxg5 h6 24. Bc1 Rfd8 25. Bb2 Rab8 26. Bc3 a3 27. Qc2 Qb7 28. Qa2 c5 29. Qxa3 cxd4 30. Rxd4 Nxd4 31. Rxb7 Rxb7 32. Qxa6 Ne2+ 33.
Kh2 Rbb8 34. Ba5 Rdc8 35. c5 Nd4 36. Bb6 Nc6 37. f4 g6 38. Qe2 h5 39. Qf3 Rb7 40.
Qd3 Nb8 41. Qd6 Rd7 42. g4 Rxd6 43. cxd6 Nd7 44. Bc7 hxg4 45. hxg4 g5 46. Kg3 gxf4+ 47. Kxf4 Ra8 48. Ke4 Ra4+ 49. Kd3 Nxe5+ 50. Kc3 Nd7 51.
Kb3 Rxg4 52. Kc3 f5 53. Bd8 Kf7 54. Kd3 e5 55. Ke3 Ke6 56. Ba5 Kxd6 57. Be1 Kd5 58.
Kf2 Nc5 59. Ke2 Re4+ 60. Kf3 Rxe1 61. Kf2 Nd3+ 62. Kf3 e4+ 63. Kg3 f4+ 64. Kg4 Ke5 65. Kg5 Rg1+ 66. Kh6 e3 67. Kh5 e2 68. Kh6 e1=Q 69. Kh5 Qg3 0-1

[Event "*** SCC Grand Prix: Titled Tuesday Blitz"]
[Site "Chess.com"]
[Date "2020.08.25"]
[Round "7"]
[White "dolynachess"]
[Black "The_Machine04"]
[Result "1-0"]
[WhiteElo "2428"]
[BlackElo "2277"]
[TimeControl "180+1"]
[EndTime "11:21:40 PDT"]
[Termination "dolynachess won by checkmate"]

1. d4 d6 2. c4 e5 3. Nf3 e4 4. Nfd2 f5 5. Nc3 Nf6 6. e3 Be7 7. b4 O-O 8. Be2 Be6 9. a4 g5 10. h4 g4 11. g3 a5 12. b5 Nbd7 13. Ba3 b6 14. Rc1 Qe8 15. Qb3 Qf7 16. Bd1 d5 17. cxd5 Nxd5 18. Nxd5 Bxd5 19. Qb2 Bxa3 20.
Qxa3 Rac8 21. Bb3 Nf6 22. Ke2 Kg7 23. Rc6 Bxb3 24. Qxb3 Qxb3 25. Nxb3 Nd5 26. Rhc1 Rf6 27. R6c4 Kf7 28. Nd2 Ke7 29. R4c2 Kd8 30. Nc4 Nb4 31. Rd2 Nd5 32. Ne5 Nb4 33. Rc4 h5 34. Rd1 Ke7 35.
Rdc1 Kd8 36. Nc6+ Nxc6 37. Rxc6 Rxc6 38. Rxc6 Kd7 39. Rh6 c6 40. bxc6+ Rxc6 41. Rxh5 Rc2+ 42. Kf1 Ra2 43. Rxf5 Rxa4 44. h5 Ke6 45. h6 Rc4 46. h7 Rc8 47. Rb5 a4 48. Rxb6+ Kf7 49. Ra6 Kg7 50.
Rxa4 Kxh7 51. Kg2 Kg6 52. Ra5 Kf6 53. Re5 Rc2 54. Rxe4 Kg5 55. Rf4 Rd2 56. Re4 Rc2 57. Re5+ Kf6 58. Re4 Rd2 59. Rxg4 Kf5 60. Rf4+ Kg5 61.
Kf3 Rc2 62. Re4 Rd2 63. Re5+ Kf6 64. g4 Rc2 65. Kg3 Kg6 66. f3 Kf6 67. Kf4 Kg6 68.
g5 Rg2 69. Re6+ Kf7 70. Rf6+ Kg7 71. e4 Rh2 72. d5 Rh4+ 73. Ke5 Rh1 74. f4 Rg1 75.
Rc6 Rf1 76. Kf5 Re1 77. Rc7+ Kf8 78. e5 Ke8 79. d6 Kd8 80. g6 Rg1 81. Kf6 Rg2 82.
f5 Rg4 83. g7 Rg2 84. Ke6 Rg1 85. f6 Rg2 86. Ra7 Rg1 87. Ra8# 1-0

[Event "*** SCC Grand Prix: Titled Tuesday Blitz"]
[Site "Chess.com"]
[Date "2020.08.25"]
[Round "7"]
[White "wonderfultime"]
[Black "Arjun2002"]
[Result "1-0"]
[WhiteElo "2892"]
[BlackElo "2716"]
[TimeControl "180+1"]
[EndTime "11:21:45 PDT"]
[Termination "wonderfultime won by resignation"]

1. d4 d5 2. Nf3 Nf6 3. Bf4 c5 4. c3 Nc6 5. e3 Qb6 6. Qc2 g6 7.
Nbd2 Bf5 8. dxc5 Qxc5 9. Qb3 Qb6 10. Be2 Bg7 11. O-O O-O 12. Rfd1 Nd7 13. Bg3 h6 14. Nd4 Nxd4 15. cxd4 e6 16. Rdc1 Rfc8 17. Qxb6 Nxb6 18.
Bc7 Bf8 19. g4 Be4 20. f3 Bb4 21. Nf1 Nc4 22. Bg3 Nxb2 23. fxe4 dxe4 24. Rab1 Ba3 25. Nd2 f5 26. gxf5 gxf5 27. Bc4 Kf7 28. Bb3 b5 29. d5 Nc4 30. dxe6+ Kxe6 31. Nxc4 Bxc1 32. Nb6+ Kf6 33. Nxa8 Bxe3+ 34. Bf2 Bxf2+ 35. Kxf2 Rxa8 36. Rc1 Rb8 37. Rc5 a5 38. Ke3 a4 39. Bc2 Kg5 40. Bxe4 b4 41.
Rxf5+ Kg4 42. Ra5 b3 43. Rxa4 b2 44. Bb1+ Kh3 45. Kd2 Kxh2 46. Rh4+ Kg3 47. Rxh6 Kf4 48.
Rh3 Ke5 49. Kc2 Kd4 50. Rb3 Rh8 51. Kxb2 Rh2+ 52. Ka3 Kc5 53. Rc3+ Kb5 54. Kb3 Rh4 55. Bd3+ Kb6 56. Rc4 Rh3 57. Kc3 Rh2 58. a3 Ra2 59. Kb3 Ra1 60. Kb4 Rd1 61. Bc2 Rd2 62. a4 Rf2 63.
a5+ Ka7 64. Bb3 Rf3 65. Ba4 Rf5 66. Rc7+ Ka6 67. Rc6+ Ka7 68. Rc5 Rf4+ 69. Kb5 Rf7 70. a6 Rf6 71. Rc7+ Ka8 72. Ka5 Rf5+ 73. Bb5 Rg5 74.
Kb6 Rg6+ 75. Bc6+ Rxc6+ 76. Rxc6 1-0

[Event "*** SCC Grand Prix: Titled Tuesday Blitz"]
[Site "Chess.com"]
[Date "2020.08.25"]
[Round "7"]
[White "sergivila"]
[Black "Keures"]
[Result "1-0"]
[WhiteElo "2442"]
[BlackElo "2289"]
[TimeControl "180+1"]
[EndTime "11:21:54 PDT"]
[Termination "sergivila won on time"]

1. e4 e6 2. d4 d5 3. Nd2 Nf6 4. e5 Ne4 5. Nxe4 dxe4 6. Bc4 a6 7. c3 b5 8. Bb3 Bb7 9. Be3 Be7 10. Ne2 O-O 11. O-O Bd5 12. Ng3 f5 13. exf6 gxf6 14.
Bxd5 Qxd5 15. Qg4+ Kh8 16. Qxe4 Qxe4 17. Nxe4 Nd7 18.
Rfe1 Kg8 19. Bf4 Rac8 20. Nd2 Kf7 21. Re3 Bd6 22. Bg3 Bxg3 23. Rxg3 c5 24. Ne4 Rc6 25.
Rd1 c4 26. d5 exd5 27. Rxd5 Ne5 28. f4 Nd3 29. Rd7+ Ke6 30. Rxh7 Kf5 31. Nf2 Nxf4 32. Rf3 Re8 33. h3 Kg6 34. Rd7 Re1+ 35. Kh2 Ne6 36. Ng4 f5 37. Ne3 Ng5 38. Rg3 f4 39.
Rxg5+ Kxg5 40. Nc2 Rb1 41. Nd4 Rf6 42. Nf3+ Kg6 43.
Rd2 Ra1 44. a3 Re6 45. h4 Re3 46. Kh3 Rh1+ 47. Kg4 Rd3 48. Re2 Re3 49. Rd2 Rd3 50. Ne5+ Kf6 51. Nxd3 cxd3 52. Rxd3 Rg1 53. Rd2 Ke5 54.
h5 Rh1 55. Re2+ Kd5 56. Kg5 Rh2 57. Rf2 Ke4 58. h6 Ke3 59. Rf3+ Ke4 60. Rh3 Rxg2+ 61. Kf6 Rg8 62. Kf7 Rh8 63. Kg7 Rc8 64. h7 f3 65. h8=Q Rxh8 66. Rxh8 f2 67. Rh1 Kd3 68. Kf6 Kc2 69. Rf1 Kxb2 70. Rxf2+ Kxc3 71. Ke5 Kb3 72. Rf3+ Kb2 73. Kd4 a5 74. Kc5 b4 75. axb4 axb4 76. Kxb4 1-0

[Event "*** SCC Grand Prix: Titled Tuesday Blitz"]
[Site "Chess.com"]
[Date "2020.08.25"]
[Round "7"]
[White "cukin84"]
[Black "boasovietica"]
[Result "1/2-1/2"]
[WhiteElo "2063"]
[BlackElo "2389"]
[TimeControl "180+1"]
[EndTime "11:22:27 PDT"]
[Termination "Game drawn - timeout vs insufficient material"]

1. e4 e5 2. Nf3 Nc6 3. c3 Nf6 4. d4 d5 5. Nxe5 Nxe5 6. dxe5 Nxe4 7. Be2 Bc5 8. O-O Qh4 9. g3 Nxg3 10. hxg3 Qxg3+ 11. Kh1 Qh3+ 12. Kg1 Qg3+ 13. Kh1 Bxf2 14. Qd3 Qxd3 15.
Bxd3 Bh4 16. Nd2 Be6 17. Nf3 Be7 18. Nd4 Bd7 19. Nf5 Bf8 20. Bg5 h6 21. Bh4 a6 22.
Rae1 g6 23. Nd4 c5 24. Nf3 Be6 25. Bf6 Rg8 26. b3 Kd7 27. Kg2 Kc6 28. a4 b5 29.
Ra1 bxa4 30. Rxa4 g5 31. Rfa1 g4 32. Rxa6+ Rxa6 33. Rxa6+ Kb7 34. Nd2 c4 35. Rxe6 fxe6 36. bxc4 dxc4 37. Bxc4 Bc5 38. Bxe6 Re8 39. Bxg4 Kb6 40.
Ne4 Be7 41. Bg7 Kb5 42. Bxh6 Kc4 43. Nd6+ Bxd6 44. exd6 Rd8 45. d7 Kxc3 46. Bg5 Rxd7 47. Bxd7 Kd4 48. Be7 Ke5 49. Kf3 Kd5 50. Kf4 Kd4 51.
Be6 Kd3 52. Bf6 Kd2 53. Ke4 Ke2 54. Bc4+ Kd2 55. Bd4 Kc2 56. Ke3 Kc1 57. Be2 Kc2 58.
Bd3+ Kc1 59. Be5 Kd1 60. Bg3 Kc1 61. Be2 Kc2 62. Bf3 Kc1 63. Kd3 Kb2 64. Bf4 Kb3 65. Bd5+ Kb4 66. Bd6+ Kb5 67. Kc3 Kb6 68. Kb4 Ka7 69.
Bc5+ Kb8 70. Kb5 Kc7 71. Be7 Kd7 72. Bg5 Kd6 73. Bf3 Ke5 74. Kc5 Kf5 75. Be3 Ke5 76. Kc6 Ke6 77. Bf4 Kf5 78. Bg3 Ke6 79. Kc5 Kf5 80.
Kd5 Kf6 81. Bg4 Kg5 82. Be6 Kf6 83. Be5+ Ke7 84. Bf5 Kf7 85. Kd6 Ke8 86. Ke6 Kf8 87. Bg6 Kg8 88. Bf6 Kf8 89. Be5 Kg8 90. Kf6 Kf8 91.
Bd6+ Kg8 92. Bf7+ Kh7 93. Bf4 Kh8 1/2-1/2

[Event "*** SCC Grand Prix: Titled Tuesday Blitz"]
[Site "Chess.com"]
[Date "2020.08.25"]
[Round "7"]
[White "GigaQuparadze"]
[Black "albi1999"]
[Result "0-1"]
[WhiteElo "2812"]
[BlackElo "2569"]
[TimeControl "180+1"]
[EndTime "11:22:38 PDT"]
[Termination "albi1999 won by resignation"]

1. e4 c6 2. d4 d5 3. Nc3 dxe4 4.
Nxe4 Bf5 5. Ng3 Bg6 6. h4 h6 7. Nf3 Nd7 8. h5 Bh7 9. Bd3 Bxd3 10. Qxd3 e6 11. Bf4 Bb4+ 12. c3 Be7 13. Ne4 Ndf6 14.
Ne5 Qd5 15. f3 Nd7 16. O-O Ngf6 17. c4 Qa5 18. Nxd7 Nxd7 19. c5 O-O 20. b4 Qd8 21. g4 Nf6 22. Nd6 Qd7 23. Be5 Rfd8 24. Rad1 Bxd6 25.
Bxd6 Ne8 26. Be5 Qd5 27. a3 Rd7 28. Qe3 Rad8 29. Rfe1 Kh7 30. Qd3+ Kg8 31. Qe3 Kh7 32. Bg3 Nf6 33. Bf2 Qg5 34. Qxg5 hxg5 35. Re5 Rd5 36. Rde1 Rxe5 37. Rxe5 Rd5 38. Re1 Ne8 39. a4 a6 40.
Rb1 Nc7 41. Kf1 g6 42. hxg6+ Kxg6 43. Ke2 f6 44. Bg3 Ne8 45. Ke3 Rd7 46. b5 axb5 47. axb5 Nc7 48. Bxc7 Rxc7 49. b6 Re7 50. Ra1 e5 51.
Ra7 f5 52. dxe5 Rxe5+ 53. Kd4 Rd5+ 54. Kc4 Rd7 55. Ra8 fxg4 56. fxg4 Kf6 57. Rf8+ Kg6 58. Ra8 Rf7 59. Rc8 Kf6 60. Rc7 Ke6 61. Rc8 Rf4+ 62.
Kc3 Kd5 63. Rc7 Kxc5 64. Rxb7 Rxg4 65. Rb8 Rg3+ 66. Kc2 Rg2+ 67. Kd3 Rb2 68. b7 Kb6 69. Kc3 Rb5 70. Kd4 Kc7 71. Rg8 Kxb7 72. Rg6 Rd5+ 73.
Ke4 Kb6 74. Ke3 Kb5 75. Ke4 Rc5 76. Kd4 Rf5 77. Ke4 Rd5 78. Rf6 Kc5 79. Rg6 Rd4+ 80.
Kf5 g4 81. Ke5 Ra4 82. Rg5 Kb5 83. Kd6+ Kb6 84. Rg8 Rd4+ 85. Ke5 c5 86. Rb8+ Kc6 87. Rb3 Rb4 88. Rc3 Kb5 89. Kd5 Rd4+ 90. Ke5 Kb4 91. Rc1 g3 92. Rb1+ Kc4 93. Rc1+ Kb5 94. Rb1+ Rb4 95.
Rg1 Rg4 96. Kf5 Rg8 97. Ke4 g2 98. Kd3 c4+ 99. Kc3 Kc5 100. Kd2 Kd4 101. Ke2 c3 102. Kf2 c2 103. Ke2 Kc3 104. Kf2 Kb2 105. Rxg2 Rxg2+ 0-1